 Dungeon Crawl Stone Soup version 0.21.0-3-g78d12a8 (webtiles) character file.

10912 Kurtz the Thaumaturge (level 12, -6/59 HPs)
             Began as a Kobold Ice Elementalist on Jan 9, 2018.
             Was a Priest of Vehumet.
             Mangled by an eight-headed hydra (7 damage)
             ... on level 1 of the Lair of Beasts.
             The game lasted 00:31:48 (16889 turns).

Kurtz the Thaumaturge (Kobold Ice Elementalist)    Turns: 16889, Time: 00:31:49

Health: -6/59      AC:  8    Str:  6    XL:     12   Next: 1%
Magic:  26/51      EV: 25    Int: 20    God:    Vehumet [***...]
Gold:   635        SH:  0    Dex: 16    Spells: 19/33 levels left

rFire    . . .     SeeInvis .   H - staff of power
rCold    + . .     Gourm    .   (shield currently unavailable)
rNeg     . . .     Faith    +   a - +0 robe
rPois    .         Spirit   .   R - +0 helmet
rElec    .         Reflect  .   (no cloak)
rCorr    .         Harm     .   F - +1 pair of gloves "Itwoump" {+Fly rC+ MP+9}
MR       .....                  (no boots)
Stlth    ++++......             T - amulet of faith
HPRegen  0.19/turn              f - +5 ring of evasion
MPRegen  0.32/turn              (no ring)

@: icy armour, corroded, slow
A: small, carnivore
a: Renounce Religion, Evoke Flight


You were on level 1 of the Lair of Beasts.
You worshipped Vehumet.
Vehumet was most pleased with you.
You were not hungry.

You visited 3 branches of the dungeon, and saw 13 of its levels.
You also visited: Sewer.

You collected 635 gold pieces.

Inventory:

Hand Weapons
 h - a +0 war axe
 C - a +1 mace of venom
Armour
 a - a +0 robe (worn)
 t - the +2 leather armour of the Ward {rF- rN+++ Str-2 Slay+5}
   (You found it on level 4 of the Dungeon)

   It affects your strength (-2).
   It affects your accuracy and damage with ranged weapons and melee attacks
   (+5).
   It makes you vulnerable to fire.
   It renders you almost immune to negative energy.
 F - the +1 pair of gloves "Itwoump" (worn) {+Fly rC+ MP+9}
   (You found it on level 7 of the Dungeon)

   It protects you from cold.
   It affects your magic capacity (+9).
   It lets you fly.
 R - a +0 helmet (worn)
Magical Staves
 H - an uncursed staff of power (weapon)
Jewellery
 f - a +5 ring of evasion (left hand)
 M - an uncursed ring of teleportation
 T - an amulet of faith (around neck)
Wands
 g - a wand of paralysis (17)
 D - a wand of iceblast (6)
 E - a wand of digging (7)
 L - a wand of acid (7)
 P - a wand of random effects (22)
 V - a wand of flame (32)
Scrolls
 i - 3 scrolls of remove curse
 l - 2 scrolls of amnesia {unknown}
 p - 9 scrolls of identify {unknown}
 v - 2 scrolls of fog {unknown}
 x - 2 scrolls of teleportation {unknown}
 y - a scroll of blinking {unknown}
 J - a scroll of brand weapon {unknown}
 K - 2 scrolls of enchant armour {unknown}
 N - 2 scrolls of magic mapping
 U - a scroll of silence {unknown}
 W - a scroll of holy word {unknown}
Potions
 d - 2 potions of lignification
 e - a potion of resistance {unknown}
 j - a potion of berserk rage {unknown}
 m - 4 potions of brilliance {unknown}
 n - 2 potions of heal wounds {unknown}
 o - 5 potions of agility {unknown}
 q - a potion of might {unknown}
 r - 5 potions of curing
 s - 3 potions of flight {unknown}
 w - 2 potions of magic {unknown}
 z - 2 potions of degeneration {unknown}
 A - a potion of haste {unknown}
 B - a potion of invisibility {unknown}
 I - a potion of mutation {unknown}
Books
 b - a book of Frost

   Spells                             Type                      Level
   a - Freeze                         Ice                          1
   b - Throw Frost                    Conjuration/Ice              2
   c - Ozocubu's Armour               Charms/Ice                   3
   d - Throw Icicle                   Conjuration/Ice              4
   e - Summon Ice Beast               Ice/Summoning                4
 k - a book of Minor Magic

   Spells                             Type                      Level
   a - Magic Dart                     Conjuration                  1
   b - Blink                          Translocation                2
   c - Call Imp                       Summoning                    2
   d - Slow                           Hexes                        2
   e - Conjure Flame                  Conjuration/Fire             3
   f - Mephitic Cloud                 Conjuration/Poison/Air       3
 u - Sif Muna's Compendium of Heat and Stones
   (You found it on level 4 of the Dungeon)

   Spells                             Type                      Level
   a - Flame Tongue                   Conjuration/Fire             1
   b - Sandblast                      Earth                        1
   c - Conjure Flame                  Conjuration/Fire             3
   d - Stone Arrow                    Conjuration/Earth            3
   e - Inner Flame                    Hexes/Fire                   3
   f - Lee's Rapid Deconstruction     Earth                        5
 G - a book of Maledictions

   Spells                             Type                      Level
   a - Corona                         Hexes                        1
   b - Ensorcelled Hibernation        Hexes/Ice                    2
   c - Confuse                        Hexes                        3
   d - Tukima's Dance                 Hexes                        3
   e - Dazzling Spray                 Conjuration/Hexes            3
 Q - a book of Party Tricks

   Spells                             Type                      Level
   a - Summon Butterflies             Summoning                    1
   b - Apportation                    Translocation                1
   c - Lesser Beckoning               Translocation                3
   d - Tukima's Dance                 Hexes                        3
   e - Alistair's Intoxication        Transmutation/Poison         5
   f - Invisibility                   Hexes                        6
 S - a book of Enchantments

   Spells                             Type                      Level
   a - Cause Fear                     Hexes                        4
   b - Yara's Violent Unravelling     Hexes/Transmutation          5
   c - Silence                        Hexes/Air                    5
   d - Deflect Missiles               Charms/Air                   6
   e - Discord                        Hexes                        8
Comestibles
 c - 26 rations


   Skills:
 * Level 7.6 Dodging
 - Level 7.0 Stealth
 * Level 11.1 Spellcasting
 * Level 6.6 Conjurations
 * Level 10.9 Ice Magic


You had 19 spell levels left.
You knew the following spells:

 Your Spells              Type           Power        Failure   Level  Hunger
a - Freeze                Ice            ####         1%          1    None
b - Throw Icicle          Conj/Ice       #####...     1%          4    ##.....
c - Throw Frost           Conj/Ice       #####.       1%          2    None
d - Ozocubu's Armour      Chrm/Ice       ####....     1%          3    None
e - Summon Ice Beast      Ice/Summ       ####....     6%          4    ##.....


Dungeon Overview and Level Annotations

Branches:
Dungeon (11/15)            Temple (1/1) D:5            Lair (1/6) D:8
    Orc: D:9-12

Altars:
Ashenzari
Cheibriados
Dithmenos
Elyvilon
Fedhas
Gozag
Hepliaklqana
Kikubaaqudgha
Makhleb
Nemelex Xobeh
Okawaru
Qazlal
Ru
Sif Muna
Trog
Uskayaw
Vehumet
Yredelemnul
Zin
The Shining One
Lugonu

Annotations:
D:9 exclusion: downstairs
Lair:1 exclusion: oklob plant


Innate Abilities, Weirdness & Mutations

You are small and have problems with some larger weapons.
You are carnivorous and can eat meat at any time.


Message History

The eight-headed hydra is almost dead.
The eight-headed hydra completely misses you.
The eight-headed hydra bites you! The eight-headed hydra bites you.
The eight-headed hydra bites you!
* * * LOW HITPOINT WARNING * * *
The eight-headed hydra barely misses you.
The eight-headed hydra closely misses you.
The eight-headed hydra bites you.
* * * LOW HITPOINT WARNING * * *
The eight-headed hydra closely misses you.
Casting: Throw Icicle
Confirm with . or Enter, or press ? or * to list all spells.
Aiming: Throw Icicle
Press: ? - help, Shift-Dir - straight line, f/p - eight-headed hydra
Aim: an eight-headed hydra (almost dead)
The shard of ice misses the eight-headed hydra.
The eight-headed hydra bites you.
* * * LOW HITPOINT WARNING * * *
The eight-headed hydra bites you!
You die...

### ... ..
.. .####
... #.# #@#
#.D.# #...#
....#
......
........
.........
......P....


You could see an eight-headed hydra and an oklob plant (paralysed).

Vanquished Creatures
  Erica (D:9)
  4 two-headed ogres
  2 skeletal warriors (D:10)
  A cyclops (D:9)
  A troll (D:8)
  Grinder (D:3)
  A hippogriff (D:11)
  The ghost of ShadedKnight the Grave Robber, an amateur GrNe (D:4)
  A wyvern (D:7)
  A hog (D:7)
  A vampire (D:10)
  A human (D:7)
  A hungry ghost (D:11)
  The ghost of shmesh the Chopper, an amateur DsGl (D:3)
  An orc warrior (D:7)
  A black bear (D:10)
  4 sky beasts
  An ice beast (D:10)
  6 ogres
  3 wolves (D:8)
  3 centaurs
  2 big kobolds
  5 bullfrogs
  A gnoll sergeant (D:10)
  A water moccasin zombie (D:7)
  3 scorpions
  A killer bee (D:11)
  3 electric eels (D:8)
  5 crimson imps
  A quasit (D:9)
  A bullfrog zombie (D:10)
  5 hounds
  3 jellies
  An orc wizard (D:7)
  3 orc priests
  3 iron imps (D:9)
  4 iguanas
  Ijyb (D:4)
  Terence (D:3)
  7 worker ants
  2 killer bee zombies (D:10)
  A hound skeleton (D:6)
  A mummy (D:4)
  A worker ant zombie (D:10)
  4 gnolls (D:10)
  2 howler monkey skeletons
  4 river rats
  13 adders
  2 shadow imps
  2 oozes
  An adder zombie (D:9)
  3 worms
  3 dart slugs
  5 leopard geckos
  14 orcs
  11 ball pythons
  7 bats
  10 giant cockroaches
  8 goblins
  6 hobgoblins
  10 jackals
  2 quokkas
  2 frilled lizards
  A jackal skeleton (D:6)
  A jackal zombie (D:11)
  23 kobolds
  A leopard gecko skeleton (D:6)
  A leopard gecko zombie (D:6)
  31 rats
260 creatures vanquished.

Vanquished Creatures (collateral kills)
  A two-headed ogre (D:8)
  An ugly thing (D:10)
  A yak (D:7)
  2 hogs (D:7)
  2 hungry ghosts
  Purgy (D:3)
  A scorpion (D:10)
  4 killer bees (D:11)
  A quasit (D:6)
  A hound (D:9)
15 creatures vanquished.

Vanquished Creatures (others)
  A quokka (D:8)
1 creature vanquished.

Grand Total: 276 creatures vanquished

Notes
Turn   | Place    | Note
-------+----------+-------------------------------------------
     0 | D:1      | Kurtz the Kobold Ice Elementalist began the quest for the Orb.
     0 | D:1      | Reached XP level 1. HP: 10/10 MP: 3/3
   189 | D:1      | Reached XP level 2. HP: 15/15 MP: 1/5
   835 | D:1      | Reached XP level 3. HP: 19/19 MP: 2/7
  1540 | D:2      | Found an ancient bone altar of Kikubaaqudgha.
  1541 | D:2      | Found a blossoming altar of Fedhas.
  1590 | D:2      | Found a faded altar of an unknown god.
  1641 | D:2      | Reached skill level 3 in Spellcasting
  1916 | D:2      | Noticed a centaur
  1937 | D:2      | Reached XP level 4. HP: 21/24 MP: 2/8
  1943 | D:2      | Learned a level 4 spell: Throw Icicle
  1991 | D:2      | Learned a level 2 spell: Throw Frost
  2219 | D:3      | Noticed Terence
  2236 | D:3      | Killed Terence
  2350 | D:3      | Learned a level 3 spell: Ozocubu's Armour
  2546 | D:3      | Found a shattered altar of Ashenzari.
  2547 | D:3      | Found a deep blue altar of Sif Muna.
  2754 | D:3      | Noticed Grinder
  2792 | D:4      | Found a stormy altar of Qazlal.
  2797 | D:4      | Found a glowing silver altar of Zin.
  2849 | D:4      | Noticed ShadedKnight's ghost (amateur GrNe)
  2858 | D:4      | Reached XP level 5. HP: 28/28 MP: 7/10
  2886 | D:4      | Killed ShadedKnight's ghost
  2886 | D:4      | Reached skill level 4 in Spellcasting
  2886 | D:4      | Reached XP level 6. HP: 32/32 MP: 0/12
  2942 | D:4      | Reached skill level 5 in Ice Magic
  2956 | D:4      | Found a glowing drain.
  3032 | Sewer    | Entered a sewer
  3312 | Sewer    | Reached skill level 5 in Spellcasting
  3312 | Sewer    | Reached XP level 7. HP: 24/36 MP: 5/14
  3561 | D:4      | Got a pitted leather armour
  3899 | D:4      | Noticed Ijyb
  3905 | D:4      | Killed Ijyb
  3967 | D:4      | Identified Sif Muna's Compendium of Heat and Stones
  4113 | D:3      | Identified the +2 leather armour of the Ward {rF- rN+++ Str-2 Slay+5} (You found it on level 4 of the Dungeon)
  4118 | D:3      | Learned a level 4 spell: Summon Ice Beast
  4127 | D:3      | Paralysed by Grinder for 6 turns
  4144 | D:3      | Killed Grinder
  4457 | D:3      | Noticed Purgy
  4473 | D:3      | Killed Purgy
  4473 | D:3      | Reached XP level 8. HP: 41/41 MP: 6/16
  4478 | D:3      | Noticed shmesh's ghost (amateur DsGl)
  4776 | D:2      | Reached skill level 5 in Stealth
  5295 | D:4      | Found a hide-covered altar of Uskayaw.
  5321 | D:5      | Entered Level 5 of the Dungeon
  5462 | D:5      | Reached skill level 6 in Spellcasting
  6026 | D:5      | Found a staircase to the Ecumenical Temple.
  6031 | Temple   | Entered the Ecumenical Temple
  6042 | Temple   | Became a worshipper of Vehumet
  6142 | D:5      | Found a sparkling altar of Nemelex Xobeh.
  6293 | D:6      | Found a sacrificial altar of Ru.
  6457 | D:6      | Found an iron altar of Okawaru.
  8122 | D:7      | Noticed a human
  8125 | D:7      | Noticed a hog
  8131 | D:7      | Killed a human
  8131 | D:7      | Reached XP level 9. HP: 45/45 MP: 9/19
  8142 | D:7      | Reached skill level 7 in Spellcasting
  8229 | D:7      | Reached skill level 5 in Dodging
  8574 | D:7      | Reached * piety under Vehumet
  8574 | D:7      | Offered knowledge of Shock by Vehumet.
  9106 | D:7      | Reached skill level 8 in Spellcasting
  9594 | D:7      | Got a pair of fine gloves
  9605 | D:7      | Identified the +1 pair of gloves "Itwoump" {+Fly rC+ MP+9} (You found it on level 7 of the Dungeon)
 10334 | D:3      | Killed shmesh's ghost
 10393 | D:3      | Found an opulent altar of Gozag.
 10691 | D:8      | Reached XP level 10. HP: 43/50 MP: 19/22
 10719 | D:8      | Found a white marble altar of Elyvilon.
 11049 | D:8      | Noticed a two-headed ogre
 11201 | D:8      | Reached skill level 9 in Spellcasting
 11475 | D:8      | Killed a two-headed ogre
 11578 | D:8      | Found a staircase to the Lair.
 11723 | D:8      | Found a shadowy altar of Dithmenos.
 12553 | D:9      | Noticed a two-headed ogre
 12560 | D:9      | Killed a two-headed ogre
 12780 | D:9      | Noticed a two-headed ogre
 12787 | D:9      | Killed a two-headed ogre
 12787 | D:9      | Offered knowledge of Throw Flame by Vehumet.
 12787 | D:9      | Reached skill level 5 in Conjurations
 12787 | D:9      | Reached XP level 11. HP: 54/54 MP: 14/24
 12809 | D:9      | Reached ** piety under Vehumet
 13168 | D:9      | Noticed a two-headed ogre
 13180 | D:9      | Killed a two-headed ogre
 13180 | D:9      | Reached skill level 10 in Spellcasting
 13338 | D:9      | Noticed Erica
 13381 | D:9      | Killed Erica
 13381 | D:9      | Reached skill level 10 in Ice Magic
 13743 | D:9      | Noticed a cyclops
 13746 | D:9      | Killed a cyclops
 13822 | D:9      | Found a burning altar of Makhleb.
 13984 | D:9      | Found a snail-covered altar of Cheibriados.
 14163 | D:10     | Entered Level 10 of the Dungeon
 14163 | D:10     | Noticed a red ugly thing
 14414 | D:10     | Killed a brown ugly thing
 14603 | D:10     | Offered knowledge of Searing Ray by Vehumet.
 15083 | D:10     | Noticed a two-headed ogre
 15093 | D:10     | Killed a two-headed ogre
 15197 | D:10     | Reached *** piety under Vehumet
 15711 | D:11     | Noticed a skeletal warrior
 15877 | D:10     | Killed a skeletal warrior
 15877 | D:10     | Reached skill level 11 in Spellcasting
 16036 | D:11     | Noticed a skeletal warrior
 16050 | D:11     | Noticed a skeletal warrior
 16564 | D:11     | Noticed a skeletal warrior
 16651 | D:10     | Killed a skeletal warrior
 16651 | D:10     | Reached XP level 12. HP: 59/59 MP: 9/27
 16879 | Lair:1   | Entered Level 1 of the Lair of Beasts
 16879 | Lair:1   | Noticed an eight-headed hydra
 16889 | Lair:1   | HP: 1/59 [eight-headed hydra (4)]
 16889 | Lair:1   | Mangled by an eight-headed hydra

Skill      XL: |  1  2  3  4  5  6  7  8  9 10 11 |
---------------+----------------------------------+-----
Spellcasting   | 3 4 5 6 8 9 11 | 11.1
Ice Magic      | 4 5 6 8 9 10 | 10.9
Stealth        | 3 4 6 7 |  7.0
Dodging        | 3 4 5 6 7 |  7.6
Conjurations   | 2 3 5 6 |  6.6

Action                   |  1- 3 |  4- 6 |  7- 9 | 10-12 || total
-------------------------+-------+-------+-------+-------++-------
Melee: Unarmed           |    12 |       |       |       ||    12
       War axe           |     7 |    92 |   117 |       ||   216
       Mace              |       |       |    60 |    30 ||    90
       Staff             |       |       |       |     5 ||     5
 Cast: Freeze            |    51 |    30 |    40 |    29 ||   150
       Throw Frost       |       |    11 |    18 |    26 ||    55
       Ozocubu's Armour  |       |     7 |    18 |    15 ||    40
       Throw Icicle      |       |     1 |    68 |   156 ||   225
       Summon Ice Beast  |       |       |    11 |    44 ||    55
 Abil: Evoke Flight      |       |       |     1 |       ||     1
Evoke: Wand              |       |       |     2 |    12 ||    14
  Use: Scroll            |       |     2 |     1 |     1 ||     4
       Potion            |       |     1 |     1 |     8 ||    10
 Stab: Sleeping          |     2 |     4 |    10 |     1 ||    17
       Paralysed         |       |       |     2 |       ||     2
  Eat: Chunk             |    11 |     6 |    33 |    29 ||    79
Armor: Robe              |     2 |    16 |    31 |     6 ||    55
       Skin              |       |     3 |     3 |    13 ||    19
       Leather armour    |       |       |     2 |       ||     2
Dodge: Dodged            |    45 |   155 |   282 |   121 ||   603
